AoeStats
← HermanSeGerman

Arabia

508907565Analyzed
4v4 RM · 8d ago on Sep 24, 2026· 52m 44s· 8 players
Game mode
Random Map
Map size
Large (8 player)
Population
200
Speed
Normal
Resources
Standard
Victory
Conquest
Starting age
Dark Age
Ending age
Imperial Age
RankedLock teamsTeams togetherTeam positionsShared explorationLock speedFull tech treeHidden civsTurbo modeCheats
Victory
Defeat
🇷🇺 Berbers · Russia
1399
+10
🇦🇷 Spanish · Argentina
1291
+14
🇩🇪 Franks · Germany
1285
+14
🇷🇺 Bulgarians · Russia
1214
+16
🇨🇳 Franks · China
1258
-14
🇨🇦 Huns · Canada
1252
-15
🇹🇼 Mongols · Taiwan
1241
-13
🇹🇼 Tupi · Taiwan
1209
-12
George
10:04 Feudal Age
11:47 Loom
13:39 Double-Bit Axe
17:35 Horse Collar
20:52 Castle Age
19:47 Fletching
21:36 Padded Archer Armor
22:07 Bodkin Arrow
23:08 Nomads
23:57 Leather Archer Armor
29:01 Wheelbarrow
30:38 Bow Saw
30:50 Gold Mining
32:37 Ballistics
36:20 Imperial Age
34:13 Town Watch
34:33 Town Watch
35:17 Husbandry
35:28 Bloodlines
36:59 Hand Cart
37:23 Bracer
37:29 Scale Barding Armor
37:34 Forging
39:47 Heavy Camel Rider
41:08 Elite Mangudai
42:48 Light Cavalry
45:36 Hussar
48:10 Heavy Plow
只會5TC
6:48 Loom
8:51 Feudal Age
9:21 Champi Runner
11:14 Arson
11:44 Forging
11:26 Double-Bit Axe
21:32 Castle Age
20:32 Scale Mail Armor
20:26 Gold Mining
20:17 Horse Collar
22:16 Squires
22:38 Chain Mail Armor
23:19 Bow Saw
25:06 Wheelbarrow
24:18 Champi Warrior
25:39 Gold Shaft Mining
26:54 Iron Casting
34:12 Hand Cart
35:30 Heavy Plow
38:30 Imperial Age
38:16 Pikeman
38:33 Elite Champi Warrior
39:38 Conscription
40:23 Two-Man Saw
41:04 Halberdier
44:07 Plate Mail Armor
44:44 Town Watch
45:03 Stone Mining
45:06 Fletching
50:12 Town Patrol
Big Testicles
3:43 Loom
10:26 Feudal Age
13:03 Double-Bit Axe
13:26 Fletching
20:05 Castle Age
19:58 Horse Collar
20:41 Bodkin Arrow
20:09 Crossbowman
23:25 Ballistics
24:27 Padded Archer Armor
26:08 Bloodlines
26:17 Leather Archer Armor
26:37 Bloodlines
28:09 Wheelbarrow
27:36 Husbandry
30:26 Thumb Ring
35:47 Gold Mining
39:51 Imperial Age
37:39 Hand Cart
40:48 Bracer
41:18 Parthian Tactics
42:55 Heavy Cavalry Archer
45:59 Light Cavalry
一一
10:16 Feudal Age
8:32 Loom
12:22 Town Watch
25:13 Castle Age
24:30 Double-Bit Axe
33:04 Husbandry
36:05 Bow Saw
39:04 Wheelbarrow
Finch
2:17 Loom
8:54 Feudal Age
15:40 Double-Bit Axe
15:37 Horse Collar
22:26 Castle Age
21:07 Gold Mining
21:24 Scale Barding Armor
21:31 Forging
21:33 Bloodlines
23:38 Chain Barding Armor
23:29 Bow Saw
23:23 Heavy Plow
24:47 Wheelbarrow
35:47 Imperial Age
33:37 Hand Cart
33:26 Husbandry
35:00 Gold Shaft Mining
35:52 Cavalier
37:12 Plate Barding Armor
37:13 Iron Casting
36:43 Heavy Camel Rider
36:47 Light Cavalry
38:30 Crop Rotation
47:15 Caravan
47:26 Guilds
47:47 Coinage
49:27 Conscription
49:10 Maghrebi Camels
49:17 Kasbah
50:25 Chemistry
51:02 Elite Camel Archer
52:25 Hoardings
51:53 Padded Archer Armor
51:45 Fletching
52:59 Bodkin Arrow
53:19 Leather Archer Armor
52:34 Elite Genitour
53:22 Thumb Ring
HermanSeGerman
11:26 Feudal Age
16:05 Castle Age
14:31 Double-Bit Axe
16:24 Forging
16:20 Scale Barding Armor
19:05 Loom
22:57 Husbandry
23:50 Gold Mining
25:49 Bow Saw
28:42 Gold Shaft Mining
29:03 Iron Casting
35:50 Wheelbarrow
37:36 Chain Barding Armor
44:22 Imperial Age
46:04 Chemistry
46:15 Plate Barding Armor
46:41 Blast Furnace
45:07 Cavalier
48:03 Ballistics
47:20 Paladin
PZ-L БОБЬЕР
7:54 Loom
10:39 Feudal Age
13:16 Arson
14:18 Horse Collar
19:19 Double-Bit Axe
24:04 Castle Age
23:33 Stone Mining
32:29 Fletching
32:39 Padded Archer Armor
33:25 Wheelbarrow
40:24 Elite Skirmisher
43:10 Leather Archer Armor
44:28 Ballistics
47:43 Heavy Plow
48:02 Bow Saw
48:38 Forging
48:28 Scale Mail Armor
50:56 Scale Mail Armor
Draczel
7:47 Loom
10:18 Feudal Age
12:04 Double-Bit Axe
19:09 Castle Age
17:53 Horse Collar
18:32 Stone Mining
19:22 Fletching
24:22 Town Watch
25:52 Wheelbarrow
27:22 Heavy Plow
31:26 Imperial Age
29:30 Hand Cart
30:08 Bodkin Arrow
30:13 Padded Archer Armor
31:23 Town Patrol
31:42 Leather Archer Armor
32:09 Ballistics
34:16 Conscription
34:09 Elite Conquistador
35:48 Gold Mining
36:36 Stone Shaft Mining
36:17 Bow Saw
38:07 Ring Archer Armor
39:20 Chemistry
38:32 Masonry
38:33 Fortified Wall
38:18 Murder Holes
41:21 Bracer
42:24 Hoardings
43:09 Architecture
45:33 Bloodlines
45:24 Husbandry
44:44 Cavalier
50:00 Supremacy
Connection lost

Rejoining the realm…

Still unreachable

The connection could not be restored.

Session expired

The server has moved on; the page needs a fresh start.